 Dungeon Crawl Stone Soup version 0.18-a0-1243-g9e52518 (webtiles) character file.

27396 Chiseanne the Protected (level 13, -1/113 HPs)
             Began as a Centaur Air Elementalist on Feb 5, 2016.
             Was an Initiate of Gozag.
             Slain by an orc warrior
             ... wielding a +0 trident
              (16 damage)
             ... on level 1 of the Orcish Mines.
             The game lasted 01:05:39 (23360 turns).

Chiseanne the Protected (Centaur Air Elementalist) Turns: 23360, Time: 01:05:39

Health: -1/113     AC: 26    Str: 14    XL:     13   Next: 4%
Magic:  15/15      EV:  1    Int: 20    God:    Gozag
Gold:   873        SH: 11    Dex: 11    Spells: 3 memorised, 9 levels left

rFire  . . .     SeeInvis .     a - +7 Screaming Sword
rCold  + + .     Gourm    .     A - +5 scale mail {rC+}
rNeg   + + .     Faith    .     j - +0 shield
rPois  +         Spirit   .     G - +3 hat of Dechykiac {rPois rN++ Str+3 Int-3}
rElec  .         Dismiss  .     n - +0 cloak {rC+}
rCorr  .         Reflect  .     S - +0 pair of gloves
SustAt .         Harm     .     v - +1 centaur barding
MR     +....                    (no amulet)
Stlth  ..........               N - ring of protection from magic
                                i - +5 ring of intelligence

@: gold aura, very quick, somewhat resistant to hostile enchantments, extremely
unstealthy
A: hooves 3, deformed body, speed 2, tough skin 3
a: Potion Petition, Call Merchant, Bribe Branch, Renounce Religion


You were on level 1 of the Orcish Mines.
You worshipped Gozag.
Gozag was noncommittal.
You were not hungry.

You visited 3 branches of the dungeon, and saw 16 of its levels.
You also visited: Ice Cave.

You collected 3198 gold pieces.
You spent 1553 gold pieces at shops.
You paid 772 gold pieces to Gozag.

Inventory:

Hand Weapons
 a - the +7 Screaming Sword (weapon)
   (You found it in an ice cave)
 s - the +2 war axe of the Chain {chop, rN+}
   (You found it on level 9 of the Dungeon)

   It inflicts extra damage upon your enemies.
   It protects you from negative energy.
 w - a +0 blowgun
 U - a +1 scimitar of freezing
 X - a +1 long sword of protection
 Z - a +1 long sword of holy wrath
Missiles
 d - 5 silver javelins (quivered)
 f - 114 bolts
 h - 64 poisoned needles
 E - 3 curare-tipped needles
 F - 3 tomahawks of returning
 O - 3 throwing nets
Armour
 g - the cursed +1 chain mail "Acer" {Slay+2}
   (You bought it in a shop on level 8 of the Dungeon)

   It affects your accuracy and damage with ranged weapons and melee attacks
   (+2).
   It has a curse placed upon it.
 j - a +0 shield (worn)
 n - a +0 cloak of cold resistance (worn)
 v - a +1 centaur barding (worn)
 x - a +2 hat of see invisible
 A - a +5 scale mail of cold resistance (worn)
 G - the +3 hat of Dechykiac (worn) {rPois rN++ Str+3 Int-3}
   (You found it on level 7 of the Dungeon)

   It affects your strength (+3).
   It affects your intelligence (-3).
   It protects you from poison.
   It greatly protects you from negative energy.
 S - a +0 pair of gloves (worn)
Magical Staves
 u - an uncursed staff of power
 Q - an uncursed staff of cold
 W - an uncursed staff of fire
Jewellery
 i - a +5 ring of intelligence (left hand)
 H - an uncursed ring of wizardry
 I - an uncursed ring of magical power
 N - a ring of protection from magic (right hand)
Wands
 t - a wand of teleportation (9/9)
 z - a wand of enslavement (0/24)
 D - a wand of lightning (7/15)
Scrolls
 k - a scroll of blinking
 p - 5 scrolls of remove curse
 q - 2 scrolls of teleportation
 J - 7 scrolls of identify
 L - 2 scrolls of magic mapping
 R - 2 scrolls of amnesia
 V - a scroll of silence
 Y - 4 scrolls of recharging
Potions
 e - 2 potions of resistance
 l - 3 potions of ambrosia
 m - a potion of cancellation
 r - a potion of flight
 y - 3 potions of heal wounds
 B - 9 potions of curing
 K - 3 potions of berserk rage
 T - a potion of agility
Books
 b - a book of Air

   Spells                             Type                      Level
   a - Shock                          Conjuration/Air              1
   b - Swiftness                      Charms/Air                   2
   c - Repel Missiles                 Charms/Air                   2
   d - Static Discharge               Conjuration/Air              3
   e - Lightning Bolt                 Conjuration/Air              5
 C - a book of Flames

   Spells                             Type                      Level
   a - Flame Tongue                   Conjuration/Fire             1
   b - Throw Flame                    Conjuration/Fire             2
   c - Conjure Flame                  Conjuration/Fire             3
   d - Inner Flame                    Hexes/Fire                   3
   e - Sticky Flame                   Conjuration/Fire             4
   f - Fireball                       Conjuration/Fire             5
 M - a book of Cantrips

   Spells                             Type                      Level
   a - Corona                         Hexes                        1
   b - Animate Skeleton               Necromancy                   1
   c - Summon Small Mammal            Summoning                    1
   d - Apportation                    Translocation                1
Comestibles
 c - 7 bread rations
 o - 7 meat rations


   Skills:
 + Level 10.2 Fighting
 * Level 10.8 Armour
 - Level 1.9 Dodging
 - Level 1.2 Stealth
 * Level 10.7 Shields
 - Level 1.5 Spellcasting
 - Level 0.8 Conjurations
 - Level 2.6 Air Magic


You had 9 spell levels left.
You knew the following spells:

 Your Spells              Type           Power        Failure   Level  Hunger
a - Shock                 Conj/Air       #...         28%         1    #......
b - Repel Missiles        Chrm/Air       #.....       50%         2    ###....
c - Static Discharge      Conj/Air       #.......     78%         3    ###....


Dungeon Overview and Level Annotations

Branches:
Dungeon (14/15)            Temple (1/1) D:6            Lair (0/8) D:8
    Orc (1/2) D:10         Vaults (0/5) D:13

Altars:
Ashenzari
Cheibriados
Dithmenos
Elyvilon
Fedhas
Gozag
Kikubaaqudgha
Makhleb
Nemelex Xobeh
Okawaru
Pakellas
Qazlal
Ru
Sif Muna
Trog
Vehumet
Xom
Yredelemnul
Zin
The Shining One

Shops:
D:5 (   D:8 !([   D:9 ?   D:11 ?   D:12 *


Innate Abilities, Weirdness & Mutations

You have hooves in place of feet.
Armour fits poorly on your strangely shaped body.
You cover ground very quickly.
You have extremely tough skin (AC +3).


Message History

The orc hits you but does no damage.
The orc shouts!
You slash the orc!
You kill the orc!
The orc warrior hits you from afar with a trident!
* * * LOW HITPOINT WARNING * * *
The orc is distracted by the nearby gold. x2
You block the orc's attack.
The orc warrior hits you from afar with a trident!
* * * LOW HITPOINT WARNING * * *
The orc shouts! x2
The orc is no longer distracted by gold.
The orc is no longer distracted by gold.
The orc hits you but does no damage.
There is a staircase back to the Dungeon here.
The orc is no longer distracted by gold.
You block the orc's attack.
The orc warrior hits you from afar with a trident!
You die...
Your body crumbles into a pile of gold.

## #.# ..#
..###
##....## $
###......#
###o$.$.#
$
#.@o$o.##
#..oo$##
##.o...# $
##....# $
##.....
##.....
...#...
.###..


You could see an orc warrior and 5 orcs.

Vanquished Creatures
  An ogre mage (D:13)
  3 centaur warriors
  3 unseen horrors (D:12)
  7 hill giants
  3 ugly things
  A cyclops (D:12)
  An elephant (D:8)
  2 ice statues (IceCv)
  3 centaur skeletons
  6 ice devils (IceCv)
  3 trolls
  Grinder (D:6)
  4 two-headed ogres
  2 slime creatures (D:14)
  A shadow (D:12)
  2 wraiths
  24 yaks
  A wyvern (D:9)
  A basilisk (D:10)
  2 hungry ghosts
  2 hippogriffs
  2 vampire mosquitoes (D:13)
  Menkaure (D:5)
  A steam dragon (D:10)
  A soldier ant (D:13)
  2 insubstantial wisps (D:10)
  4 ice beasts
  7 orc warriors
  3 sky beasts (D:10)
  A wasp (D:12)
  2 necrophages
  2 phantoms
  11 ogres
  18 centaurs
  3 crocodiles
  Blork the orc (D:5)
  A big kobold (D:10)
  3 giant frogs
  A wyvern skeleton (D:9)
  5 scorpions
  4 killer bees (D:8)
  11 wights
  4 crimson imps
  3 centaur zombies
  2 hounds
  3 giant frog skeletons
  A giant frog zombie (D:10)
  9 orc priests
  3 jellies
  An iguana (D:12)
  13 orc wizards
  14 worker ants
  A hound skeleton (D:4)
  A worker ant zombie (D:9)
  4 gnolls (D:2)
  14 adders
  2 shadow imps
  7 white imps (IceCv)
  8 ufetubi (IceCv)
  2 oozes (D:2)
  An adder skeleton (D:10)
  An adder zombie (D:9)
  A worm (D:4)
  4 giant geckos
  51 orcs
  4 ball pythons
  7 giant cockroaches
  9 goblins
  6 hobgoblins
  4 jackals
  14 kobolds
  4 quokkas
  6 bats
  A giant gecko skeleton (D:5)
  2 giant gecko zombies
  5 giant newts
  A jackal zombie (D:7)
  16 rats
386 creatures vanquished.

Vanquished Creatures (collateral kills)
  An ice devil (IceCv)
1 creature vanquished.

Vanquished Creatures (others)
  A centaur (D:12)
  2 white imps (IceCv)
3 creatures vanquished.

Grand Total: 390 creatures vanquished

Notes
Turn   | Place    | Note
--------------------------------------------------------------
     0 | D:1      | Chiseanne the Centaur Air Elementalist began the quest for the Orb.
     0 | D:1      | Reached XP level 1. HP: 14/14 MP: 3/3
   182 | D:1      | Reached skill level 1 in Fighting
   331 | D:1      | Reached XP level 2. HP: 12/23 MP: 4/4
  1132 | D:2      | Reached XP level 3. HP: 29/29 MP: 5/5
  1209 | D:2      | Reached skill level 1 in Armour
  1952 | D:3      | Reached XP level 4. HP: 12/37 MP: 6/6
  2235 | D:3      | Learned a level 2 spell: Repel Missiles
  2239 | D:3      | Learned a level 3 spell: Static Discharge
  2946 | D:3      | Reached XP level 5. HP: 44/44 MP: 7/7
  3009 | D:3      | Found an iron altar of Okawaru.
  3009 | D:3      | Found a deep blue altar of Sif Muna.
  3009 | D:3      | Found a snail-covered altar of Cheibriados.
  3131 | D:3      | Found an oddly glowing altar of Pakellas.
  3379 | D:4      | Reached skill level 3 in Fighting
  3580 | D:4      | Reached skill level 1 in Shields
  3644 | D:4      | Found a shimmering altar of Xom.
  3644 | D:4      | Found a shimmering altar of Xom.
  3646 | D:4      | Found a shimmering altar of Xom.
  3646 | D:4      | Found a shimmering altar of Xom.
  3648 | D:4      | Found a shimmering altar of Xom.
  3648 | D:4      | Found a shimmering altar of Xom.
  3648 | D:4      | Found a shimmering altar of Xom.
  3658 | D:4      | Found a shimmering altar of Xom.
  4175 | D:5      | Entered Level 5 of the Dungeon
  4229 | D:5      | Reached XP level 6. HP: 41/51 MP: 8/8
  4243 | D:5      | Noticed Menkaure
  4256 | D:5      | Killed Menkaure
  4303 | D:5      | Noticed an ice beast
  4334 | D:5      | Found Ligog's Weapon Shoppe.
  4647 | D:5      | Killed an ice beast
  4647 | D:5      | Reached XP level 7. HP: 41/58 MP: 9/9
  4961 | D:5      | Reached skill level 4 in Fighting
  4969 | D:5      | Noticed Blork the orc
  4978 | D:5      | Killed Blork the orc
  5195 | D:5      | Found a blossoming altar of Fedhas.
  5287 | D:5      | HP: 2/59 [orc priest/divine providence (13)]
  5298 | D:4      | HP: 1/59 [ball python (2)]
  6148 | D:5      | Found a sparkling altar of Nemelex Xobeh.
  6426 | D:6      | Reached XP level 8. HP: 46/67 MP: 10/10
  6709 | D:6      | Found a staircase to the Ecumenical Temple.
  6746 | Temple   | Entered the Ecumenical Temple
  6875 | D:6      | Noticed Grinder
  6899 | D:6      | Paralysed by Grinder for 4 turns
  6908 | D:6      | Paralysed by Grinder for 7 turns
  6921 | D:6      | Killed Grinder
  7231 | D:6      | Reached skill level 5 in Fighting
  7541 | D:6      | Found a burning altar of Makhleb.
  7542 | D:6      | Found a glowing silver altar of Zin.
  7542 | D:6      | Noticed an angel
  7542 | D:6      | Noticed a cacodemon
  7588 | D:6      | Reached skill level 5 in Armour
  8012 | D:7      | Found an ancient bone altar of Kikubaaqudgha.
  8103 | D:7      | Got a polished hat
  8117 | D:7      | Identified the +3 hat of Dechykiac {rPois rN++ Str+3 Int-3} (You found it on level 7 of the Dungeon)
  8437 | D:7      | Reached skill level 5 in Shields
  8437 | D:7      | Reached XP level 9. HP: 56/74 MP: 11/11
  8498 | D:7      | Found a sparkling altar of Nemelex Xobeh.
  8709 | D:7      | Identified a scroll of acquirement
  9280 | D:8      | Found Gadezoz's Distillery.
  9363 | D:8      | Found Toraam's Antique Armour Emporium.
  9389 | D:8      | Found a staircase to the Lair.
  9389 | D:8      | Noticed an elephant
  9409 | D:8      | Reached skill level 6 in Armour
  9440 | D:8      | Killed an elephant
  9743 | D:8      | Found Umuga's Antique Weapon Emporium.
  9768 | D:8      | Found a sparkling altar of Nemelex Xobeh.
  9768 | D:8      | Found an opulent altar of Gozag.
  9774 | D:8      | Became a worshipper of Gozag Ym Sagoz the Greedy
 10657 | D:8      | Bought a potion of poison for 15 gold pieces
 10657 | D:8      | Bought a potion of lignification for 45 gold pieces
 10657 | D:8      | Bought 2 potions of mutation for 75 gold pieces
 10657 | D:8      | Bought 2 potions of agility for 120 gold pieces
 10657 | D:8      | Bought a potion of curing for 45 gold pieces
 10657 | D:8      | Bought a potion of curing for 45 gold pieces
 10663 | D:8      | Bought a potion of berserk rage for 75 gold pieces
 10802 | D:9      | Reached XP level 10. HP: 21/84 MP: 12/12
 11079 | D:9      | Reached skill level 7 in Armour
 11101 | D:9      | Got a faintly glowing war axe
 11314 | D:8      | Identified the +2 war axe of the Chain {chop, rN+} (You found it on level 9 of the Dungeon)
 11885 | D:8      | Bought a slimy chain mail for 199 gold pieces
 11886 | D:8      | Identified the cursed +1 chain mail "Acer" {Slay+2} (You bought it in a shop on level 8 of the Dungeon)
 11932 | D:9      | Found Goostrem's Magic Scroll Shoppe.
 12007 | D:9      | Bought a scroll of amnesia for 52 gold pieces
 12007 | D:9      | Bought a scroll of magic mapping for 52 gold pieces
 12044 | D:9      | Found a white marble altar of Elyvilon.
 12302 | D:9      | Bought a scroll of silence for 112 gold pieces
 12646 | D:8      | Bought a pair of gloves for 94 gold pieces
 12694 | D:10     | Entered Level 10 of the Dungeon
 12801 | D:10     | Noticed a hill giant
 12834 | D:10     | Killed a hill giant
 12919 | D:10     | Reached skill level 8 in Armour
 13476 | D:10     | Noticed a hill giant
 13476 | D:10     | Noticed a hill giant
 13497 | D:10     | Killed a hill giant
 13503 | D:10     | Killed a hill giant
 13503 | D:10     | Reached XP level 11. HP: 50/94 MP: 13/13
 13756 | D:10     | Noticed a hill giant
 13807 | D:10     | Killed a hill giant
 14800 | D:10     | Found a staircase to the Orcish Mines.
 15372 | D:10     | Reached skill level 9 in Armour
 15600 | D:9      | Bought a scroll of recharging for 142 gold pieces
 15600 | D:9      | Bought a scroll of identify for 30 gold pieces
 15600 | D:9      | Bought a scroll of identify for 30 gold pieces
 15659 | D:8      | Bought a runed long sword for 101 gold pieces
 15659 | D:8      | Bought a runed long sword for 101 gold pieces
 16359 | D:11     | Noticed a hill giant
 16370 | D:11     | Killed a hill giant
 16426 | D:11     | Noticed a purple ugly thing
 16446 | D:11     | Killed a purple ugly thing
 16532 | D:11     | Found Ruynalui's Magic Scroll Boutique.
 16816 | D:12     | Noticed a centaur warrior
 16855 | D:12     | Killed a centaur warrior
 17132 | D:12     | Noticed an unseen horror
 17148 | D:12     | Killed an unseen horror
 17148 | D:12     | Reached XP level 12. HP: 46/104 MP: 14/14
 17959 | D:11     | Bought a scroll of identify for 34 gold pieces
 17959 | D:11     | Bought a scroll of blinking for 127 gold pieces
 17959 | D:11     | Bought a scroll of amnesia for 59 gold pieces
 17986 | D:13     | Found a frozen archway.
 17990 | IceCv    | Entered an ice cave
 19262 | IceCv    | Reached skill level 10 in Armour
 20702 | D:13     | Reached skill level 10 in Shields
 20805 | D:13     | Noticed an ogre mage
 20807 | D:13     | Found a gate to the Vaults.
 21338 | D:13     | Killed an ogre mage
 21528 | D:13     | Noticed a centaur warrior
 21537 | D:13     | Killed a centaur warrior
 21705 | D:13     | Reached skill level 10 in Fighting
 22155 | D:13     | Noticed a centaur warrior
 22177 | D:13     | Killed a centaur warrior
 22801 | D:14     | Noticed a tengu warrior
 22801 | D:14     | Reached XP level 13. HP: 29/113 MP: 15/15
 23329 | Orc:1    | Entered Level 1 of the Orcish Mines
 23360 | Orc:1    | Slain by an orc warrior

Vault maps used:
D:1:      dpeg_arrival_snail, st_stairs_12
D:3:      gammafunk_temple_overflow_claw, grunt_pakellas_salt
D:4:      xom_redecorated
D:5:      fedhas_altar_4, first_bread, serial_shops, shop, nemelex_deck,
          uniq_menkaure, uniq_blork_the_orc
D:6:      grunt_temple_overflow_order_and_chaos_2,
          minmay_temple_entry_large_hall, uniq_grinder
D:7:      kennysheep_mini_moat, basic_altar
D:8:      grunt_temple_overflow_opulence, david_lair_generic, serial_shops,
          shop, nicolae_shop_statue_plus, shop, grunt_ogre_cave,
          kennysheep_generic_room_13
D:9:      kennysheep_little_box, serial_shops, shop, minmay_crystal_water
D:10:     hangedman_misty_isle
D:11:     serial_shops, nicolae_shop_crystal
D:13:     david_vaults_2, portal_ice_cave_entry_pillars_02
D:14:     serial_shops, shop, nicolae_trove_entry_crossroad,
          minmay_misc_feat_four_crosses
Temple:   cyrus_temple_forest_13
Orc:1:    minmay_goldmine, serial_shops, nicolae_shop_trees, shop_statue,
          enter_volcano_1
IceCv:    ice_cave_small_demon

Action                   |  1- 3 |  4- 6 |  7- 9 | 10-12 | 13-15 || total
-------------------------+-------+-------+-------+-------+-------++-------
Melee: Dagger            |    39 |    32 |       |       |       ||    71
       Unarmed           |     4 |       |       |       |       ||     4
       Short sword       |    94 |    80 |   482 |   435 |       ||  1091
       Rapier            |    33 |    52 |       |       |       ||    85
       Flail             |       |       |    64 |       |       ||    64
       War axe           |       |       |       |   446 |       ||   446
       Long sword        |       |       |       |    53 |       ||    53
       Double sword      |       |       |       |   157 |    37 ||   194
 Fire: Blowgun           |       |     3 |       |    39 |     5 ||    47
Throw: Tomahawk          |       |       |     5 |    18 |       ||    23
       Javelin           |       |       |       |     5 |       ||     5
 Cast: Shock             |     3 |       |       |       |       ||     3
Invok: Call Merchant     |       |       |       |     1 |       ||     1
Evoke: Wand              |       |       |     1 |     8 |       ||     9
  Use: Potion            |     2 |     1 |       |     7 |       ||    10
       Scroll            |       |    12 |    12 |    15 |       ||    39
 Stab: Distracted        |       |       |       |     4 |       ||     4
  Eat: Chunk             |     2 |     9 |    15 |       |       ||    26
       Fruit             |       |       |     4 |    12 |       ||    16
       Beef jerky        |       |       |     2 |     8 |       ||    10
       Pizza             |       |       |     2 |     3 |       ||     5
       Royal jelly       |       |       |       |     2 |       ||     2
       Bread ration      |       |       |       |     3 |       ||     3
